 Dungeon Crawl Stone Soup version 0.31.0-11-ge490571c62 (webtiles) character file.

Game seed: 6543058142529814784

237 qw the Skirmisher (level 5, 0/29 HPs)
             Began as a Deep Elf Hunter on Feb 3, 2024.
             Slain by an orc
             ... wielding a +0 flail
              (7 damage)
             ... on level 3 of the Dungeon.
             The game lasted 00:00:07 (1801 turns).

qw the Skirmisher (Deep Elf Hunter)                 Turns: 1801, Time: 00:00:08

Health: 0/29       AC:  3    Str: 10    XL:     5   Next: 77%
Magic:  7/7        EV: 13    Int: 14    God:
Gold:   193        SH:  0    Dex: 18    Spells: 4/4 levels left

rFire   . . .        a - +1 shortbow
rCold   . . .        (shield currently unavailable)
rNeg    . . .        c - +0 leather armour
rPois   .            (no helmet)
rElec   .            (no cloak)
rCorr   .            (no gloves)
SInv    .            (no boots)
Will    .....        (no amulet)
Stlth   ++           (no ring)
HPRegen 0.24/turn    (no ring)
MPRegen 0.10/turn

%: no passive effects
@: no status effects
A: no striking features
a: no special abilities


You were on level 3 of the Dungeon.
You visited 1 branch of the dungeon, and saw 3 of its levels.

You collected 193 gold pieces.


   Skills:
 + Level 1.6 Fighting
 - Level 9.0 Ranged Weapons
 - Level 3.4 Dodging
 - Level 1.2 Stealth


You had 4 spell levels left.
You didn't know any spells.
Your spell library was empty.

Inventory:

Hand Weapons
 a - a +1 shortbow (weapon)
Armour
 c - a +0 leather armour (worn)
 d - a +0 scale mail
Jewellery
 b - a ring of fire
Scrolls
 f - a scroll of poison {unknown}
Potions
 e - a potion of resistance
 g - a potion of enlightenment
 i - a potion of haste {unknown}
 j - a potion of brilliance {unknown}

Dungeon Overview and Level Annotations

Branches:
Dungeon (3/15)

Altars:


Message History

You shoot an arrow. The arrow hits the orc priest.
The orc priest is severely wounded.
The orc priest hits you with a +0 mace.
You shoot an arrow. The arrow hits the orc priest.
The orc priest is severely wounded.
The orc priest looks braver for a moment.
The orc barely misses you.
You shoot an arrow. The arrow hits the orc priest.
You kill the orc priest!
The orc hits you with a +0 flail. The orc barely misses you.
Your Dodging skill increases to level 3!
You shoot an arrow. The arrow barely misses the orc.
The orc closely misses you. x2; The orc hits you but does no damage.
You shoot an arrow. The arrow hits the orc!
You kill the orc!
The orc closely misses you. The orc hits you but does no damage.
You shoot an arrow. The arrow barely misses the orc.
The orc hits you with a +0 dagger. The orc hits you with a +0 flail!
You shoot an arrow. The arrow barely misses the orc.
The orc hits you with a +0 dagger. The orc barely misses you.
You shoot an arrow. The arrow hits the orc.
The orc is lightly wounded.
The orc hits you with a +0 dagger. The orc hits you with a +0 flail.
You shoot an arrow. The arrow hits the orc.
The orc is heavily wounded.
The orc hits you but does no damage. x2
You shoot an arrow.
The arrow hits the orc but does no damage.
The orc is heavily wounded.
The orc closely misses you. The orc misses you.
You shoot an arrow. The arrow closely misses the orc.
The orc closely misses you. The orc completely misses you.
You shoot an arrow.
The arrow hits the orc but does no damage.
The orc is heavily wounded.
The orc barely misses you. The orc closely misses you.
You shoot an arrow. The arrow hits the orc.
The orc is heavily wounded.
The orc hits you with a +0 dagger. The orc hits you with a +0 flail!
You die...

...## .... #
.... .. #..#
).. #..##..
#.... #o)# .
##@o###...
###
#.........
....
##..##.#..
#....##..# #
#........#
#........##.#
#..(.###.#...
#....# #.#..#
.. ....
#....#
#.#..#...##.


You could see 2 orcs.

Vanquished Creatures
  An orc priest (D:3)
  Terence (D:2)
  Natasha (thrice) (D:2)
  4 adders
  2 ribbon worms
  2 orcs (D:3)
  2 ball pythons
  2 endoplasms
  3 giant cockroaches
  11 goblins
  12 hobgoblins
  10 kobolds
  6 bats
  3 frilled lizards
  2 rats
64 creatures vanquished.

Notes
Turn   | Place    | Note
-------+----------+-------------------------------------------
     0 | D:1      | qw the Deep Elf Hunter began the quest for the Orb.
     0 | D:1      | Reached XP level 1. HP: 12/12 MP: 3/3
     0 | D:1      | 0 ||| qw: Version: 0.3-a-157-g843a77d
     0 | D:1      | 0 ||| qw: Game counter: 3777
     0 | D:1      | 0 ||| qw: Melee chars always use a shield: true
     0 | D:1      | 0 ||| qw: God list: Okawaru
     0 | D:1      | 0 ||| qw: Allow faded altars: false
     0 | D:1      | 0 ||| qw: Do Orc after clearing Dungeon:15 true
     0 | D:1      | 0 ||| qw: Do second Lair branch before Depths: true
     0 | D:1      | 0 ||| qw: Lair rune preference: random
     0 | D:1      | 0 ||| qw: Goals: Normal
     0 | D:1      | 0 ||| PLANNING D:1-11
   255 | D:1      | Reached XP level 2. HP: 16/16 MP: 4/4
   265 | D:1      | Reached skill level 6 in Ranged Weapons
   500 | D:1      | Found a faded altar of an unknown god.
   628 | D:1      | 628 ||| READING scroll labelled HUFFUGH UTSIX.
   629 | D:1      | 629 ||| READING 2 scrolls labelled EGHAWK RURCH.
   730 | D:1      | 730 ||| DRINKING 2 green potions.
   731 | D:1      | 731 ||| DROPPING scroll of butterflies.
   732 | D:1      | 732 ||| DROPPING scroll of vulnerability.
   782 | D:2      | 782 ||| STAIRDANCE
   788 | D:1      | Reached XP level 3. HP: 10/20 MP: 5/5
   887 | D:2      | Reached skill level 7 in Ranged Weapons
   977 | D:2      | Noticed Terence
   985 | D:2      | Killed Terence
   986 | D:2      | Reached XP level 4. HP: 17/25 MP: 6/6
  1081 | D:2      | Noticed Natasha
  1086 | D:2      | Killed Natasha
  1087 | D:2      | Reached skill level 8 in Ranged Weapons
  1513 | D:2      | Reached XP level 5. HP: 29/29 MP: 7/7
  1526 | D:2      | Noticed Natasha
  1531 | D:2      | Killed Natasha
  1536 | D:2      | Noticed Natasha
  1541 | D:2      | Killed Natasha
  1676 | D:2      | 1676 ||| READING 2 scrolls labelled FAQUDE WIY.
  1677 | D:2      | 1677 ||| READING scroll labelled GUIPSE TYA.
  1677 | D:2      | 1677 ||| ENCHANTING +0 shortbow.
  1678 | D:2      | 1678 ||| READING scroll labelled ANUADAU TAENNI.
  1678 | D:2      | 1678 ||| IDENTIFYING purple potion
  1679 | D:2      | 1679 ||| DROPPING scroll of fear.
  1762 | D:3      | Reached skill level 9 in Ranged Weapons
  1792 | D:3      | Reached skill level 3 in Dodging
  1796 | D:3      | HP: 7/29 [orc/+0 flail (5)]
  1801 | D:3      | HP: 7/29 [orc/+0 dagger (2)]
  1801 | D:3      | Slain by an orc

Levels and vault maps discovered:
D:1:      noname_arrival_rooms_in_the_neighbourhood, layout_loops_cross,
          ebering_ecumenical_altar_hall
D:2:      cheibrodos_greedy_goblins, layout_basic, uniq_natasha, uniq_terence
D:3:      layout_basic

Skill      XL: |  1  2  3  4  5 |
---------------+----------------+-----
Ranged Weapons | 6 7 8 9 |  9.0
Dodging        | 3 |  3.4
Fighting       | |  1.6
Stealth        | |  1.2

Action                     |  1- 3 |  4- 6 || total
---------------------------+-------+-------++-------
   Fire: Shortbow          |    93 |   103 ||   196
    Use: Scroll            |     2 |     3 ||     5
         Potion            |     1 |       ||     1
 Armour: Leather armour    |    25 |    29 ||    54
  Dodge: Dodged            |    36 |    35 ||    71

Table legend:
 A = Non-vault XP
 B = Vault XP
 C = Vault XP percentage of total XP
 D = Non-vault monster count
 E = Vault monster count
 F = Vault count percentage of total count
                 A         B        C        D         E       F
            +---------+---------+-------+---------+---------+-------
      Total |     246 |      93 |  27.4 |      51 |      13 |  20.3
            +---------+---------+-------+---------+---------+-------
        D:1 |      50 |       0 |   0.0 |      23 |       0 |   0.0
        D:2 |     129 |      93 |  41.9 |      23 |      13 |  36.1
        D:3 |      67 |       0 |   0.0 |       5 |       0 |   0.0
            +---------+---------+-------+---------+---------+-------
